 Dungeon Crawl Stone Soup version 0.17-a0-1882-g750edc8 (webtiles) character file.

65244 ololoev the Bludgeoner (level 14, -6/124 HPs)
             Began as a Minotaur Berserker on Sept 22, 2015.
             Was a High Priest of Trog.
             Mangled by a thorn hunter (16 damage)
             ... on level 4 of the Swamp.
             The game lasted 01:33:21 (8105 turns).

ololoev the Bludgeoner (Minotaur Berserker)         Turns: 8105, Time: 01:33:21

Health: -6/124     AC: 27    Str: 30    XL:     14   Next: 74%
Magic:  19/19      EV: 13    Int:  4    God:    Trog [*****.]
Gold:   365        SH:  0    Dex: 10    Spells: 0 memorised, 13 levels left

rFire  + . .     SeeInvis .     v - +2 morningstar (distort)
rCold  + . .     Clarity  .     b - +4 chain mail {rF+}
rNeg   . . .     SustAt   .     (no shield)
rPois  .         Gourm    .     Q - +2 hat "Ring" {+Blink MR++ Str+4 Int-5}
rElec  +         Spirit   .     w - +2 cloak
rCorr  .         Warding  .     d - +0 pair of gloves of the Eleven Wars {rElec rC+ Int+2}
rMut   .         Rnd*Tele +     (no boots)
MR     +++..                    V - amulet of rage
Stlth  ..........               N - +3 ring of intelligence
                                R - ring of teleportation

@: about to teleport, extremely resistant to hostile enchantments, extremely
unstealthy
A: retaliatory headbutt, horns 2, rough black scales 1, low mp 1, regeneration
1, shaggy fur 1
a: Burn Spellbooks, Berserk, Trog's Hand, Brothers in Arms, Renounce Religion,
Evoke Blink, Evoke Berserk Rage, Evoke Teleportation


Innate Abilities, Weirdness & Mutations

You reflexively headbutt those who attack you in melee.
You have a pair of horns on your head.
You are partially covered in rough black scales (AC +4, Dex -1).
Your magical capacity is low (-10% MP).
Your natural rate of healing is unusually fast.
You are covered in fur (AC +1).

Inventory:

Hand weapons
 a - a +1 great mace of venom
 v - a +2 morningstar of distortion (weapon)
Armour
 b - a +4 chain mail of fire resistance (worn)
 d - the +0 pair of gloves of the Eleven Wars (worn) {rElec rC+ Int+2}
   (You acquired it in an ice cave)

   It affects your intelligence (+2).
   It protects you from cold.
   It insulates you from electricity.
 w - a +2 cloak (worn)
 L - a troll hide
 Q - the +2 hat "Ring" (worn) {+Blink MR++ Str+4 Int-5}
   (You found it on level 13 of the Dungeon)

   It affects your strength (+4).
   It affects your intelligence (-5).
   It affects your resistance to hostile enchantments.
   It lets you blink.
Jewellery
 q - an uncursed ring of sustain attributes
 u - an uncursed amulet of regeneration
 N - a +3 ring of intelligence (right hand)
 R - a ring of teleportation (left hand)
 V - an amulet of rage (around neck)
Magical devices
 m - a wand of fireball (0)
 r - a wand of cold (2)
 t - a wand of fireball (8)
 F - a wand of digging (8)
 M - a wand of fireball (7)
 P - a wand of cold (8)
 T - a wand of fire (5)
Scrolls
 e - 8 scrolls of teleportation
 s - 3 scrolls of enchant armour
 A - a scroll of recharging
 B - a scroll of immolation
 G - 2 scrolls of brand weapon
 H - 8 scrolls of identify
 J - 2 scrolls of magic mapping
 K - 2 scrolls of remove curse
Potions
 c - 4 potions of berserk rage
 f - a potion of magic
 g - 2 potions of resistance
 j - a potion of invisibility
 n - 6 potions of might
 o - 3 potions of flight
 C - 2 potions of cure mutation
 E - a potion of haste
Books
 h - a book of Annihilations

   Spells                             Type                      Level
   a - Poison Arrow                   Conjuration/Poison           6
   b - Chain Lightning                Conjuration/Air              8
   c - Lehudib's Crystal Spear        Conjuration/Earth            8
   d - Glaciate                       Conjuration/Ice              9
   e - Fire Storm                     Conjuration/Fire             9
   Trog disapproves of the use of such an item.
 y - a book of Party Tricks

   Spells                             Type                      Level
   a - Summon Butterflies             Summoning                    1
   b - Apportation                    Translocation                1
   c - Tukima's Dance                 Hexes                        3
   d - Alistair's Intoxication        Transmutation/Poison         4
   e - Invisibility                   Hexes                        6
   Trog disapproves of the use of such an item.
Miscellaneous
 i - a lamp of fire (inert)
 O - a box of beasts {used: 5}
 S - a plain deck of wonders {drawn: 2}
Comestibles
 k - 10 beef jerkies
 l - 3 bread rations
 p - 6 meat rations
 D - 8 fruits
 U - 2 chunks of flesh


   Skills:
 - Level 11.4 Fighting
 * Level 19.6 Maces & Flails
 - Level 10.9 Armour
 - Level 10.1 Dodging
 * Level 11.3 Evocations


You had 13 spell levels left.
You didn't know any spells.


You were on level 4 of the Swamp.
You worshipped Trog.
Trog was extremely pleased with you.
You were not hungry.

You visited 5 branches of the dungeon, and saw 31 of its levels.
You also visited: Labyrinth, Ice Cave and Volcano.

You collected 1168 gold pieces.
You spent 777 gold pieces at shops.

♣♣ ♣≈≈.♣
♣..≈.≈≈§.§≈≈# ≈≈
♣♣≈.♣ ♣♣........kD♣#
.≈§♣≈..♣♣
♣..≈≈.≈≈.≈≈.≈##k
.≈≈♣.≈≈≈♣
♣.≈≈..≈≈≈D♣♣Fk.≈
♣≈.≈≈≈♣
♣.....≈≈≈≈.♣D≈♣
♣♣.≈≈.♣
♣♣≈.♣.k≈≈≈.≈D≈≈
♣♣♣)...≈♣
♣♣♣♣♣≈≈≈≈.♣.
♣≈.≈≈≈≈.♣♣
♣♣♣≈...D♣♣
≈.≈≈≈≈≈≈§♣♣
♣.≈≈@fD♣♣
.≈≈≈≈≈≈..≈♣♣♣.≈..D♣♣
≈≈≈≈≈......♣♣♣≈≈♣♣♣
.≈≈≈.....≈≈§♣♣♣♣
≈♣≈≈≈≈≈≈.≈≈≈♣
≈≈♣≈≈≈≈..≈≈.♣
≈.♣.≈≈≈≈♣≈.♣♣
≈≈≈..≈≈.♣♣♣♣
.≈≈..≈♣♣♣

Notes
Turn   | Place    | Note
--------------------------------------------------------------
     0 | D:1      | ololoev the Minotaur Berserker began the quest for the Orb.
     0 | D:1      | Reached XP level 1. HP: 19/19 MP: 0/0
   166 | D:3      | Reached XP level 2. HP: 26/26 MP: 1/1
   233 | D:4      | Noticed barthelm's ghost (average GrBe)
   242 | D:4      | Killed barthelm's ghost
   242 | D:4      | Reached skill level 4 in Fighting
   242 | D:4      | Reached skill level 5 in Maces & Flails
   242 | D:4      | Reached XP level 3. HP: 34/34 MP: 2/2
   242 | D:4      | Reached XP level 4. HP: 41/41 MP: 3/3
   242 | D:4      | Reached XP level 5. HP: 47/47 MP: 4/4
   373 | D:5      | Entered Level 5 of the Dungeon
   391 | D:7      | Noticed a necrophage
   399 | D:7      | Killed a necrophage
   399 | D:7      | Reached skill level 6 in Maces & Flails
   399 | D:7      | Reached XP level 6. HP: 51/55 MP: 5/5
   423 | D:7      | Noticed barthelm's ghost (experienced GrBe)
   441 | D:7      | Gained mutation: Your spells are a little harder to cast, but a little more powerful. [potion of mutation]
   441 | D:7      | Gained mutation: Your natural rate of healing is unusually fast. [potion of mutation]
   441 | D:7      | Gained mutation: You are frail (-10% HP). [potion of mutation]
   449 | D:7      | Killed barthelm's ghost
   449 | D:7      | Reached skill level 5 in Fighting
   449 | D:7      | Reached skill level 7 in Maces & Flails
   449 | D:7      | Reached skill level 5 in Armour
   449 | D:7      | Reached XP level 7. HP: 19/55 MP: 6/6
   525 | D:7      | Acquired Trog's second power
   610 | D:8      | Reached skill level 8 in Maces & Flails
   610 | D:8      | Reached skill level 5 in Dodging
   612 | D:8      | Reached XP level 8. HP: 63/63 MP: 7/7
   705 | D:7      | Found a staircase to the Ecumenical Temple.
   711 | Temple   | Entered the Ecumenical Temple
   878 | D:9      | Found a blossoming altar of Fedhas.
   958 | D:9      | Found a shattered altar of Ashenzari.
   959 | D:9      | Noticed a troll
   963 | D:9      | Killed a troll
   993 | D:9      | HP: 3/63 [burnt (2)]
   995 | D:9      | Reached skill level 9 in Maces & Flails
  1195 | D:9      | Noticed ololoev's ghost (experienced DDFi)
  1207 | D:9      | Lost mutation: You are frail (-10% HP). [potion of cure mutation]
  1207 | D:9      | Lost mutation: Your spells are a little harder to cast, but a little more powerful. [potion of cure mutation]
  1244 | D:9      | Killed ololoev's ghost
  1244 | D:9      | Reached skill level 10 in Maces & Flails
  1244 | D:9      | Reached XP level 9. HP: 79/79 MP: 8/8
  1446 | D:9      | Found a staircase to the Lair.
  1483 | Lair:1   | Entered Level 1 of the Lair of Beasts
  1699 | Lair:2   | Reached skill level 11 in Maces & Flails
  1747 | Lair:2   | Reached XP level 10. HP: 74/90 MP: 9/9
  1780 | Lair:2   | Noticed a spiny frog
  1799 | Lair:2   | Killed a spiny frog
  1806 | Lair:3   | Noticed a seven-headed hydra
  1815 | Lair:3   | Killed a seven-headed hydra
  1815 | Lair:3   | Reached skill level 12 in Maces & Flails
  1891 | Lair:3   | Noticed a black mamba
  1931 | Lair:4   | Found a dark tunnel.
  1940 | Volcano  | Entered a volcano
  2084 | Volcano  | Noticed a lindwurm
  2094 | Volcano  | Found a radiant altar of Vehumet.
  2094 | Volcano  | Reached skill level 13 in Maces & Flails
  2097 | Volcano  | Killed a lindwurm
  2097 | Volcano  | Reached XP level 11. HP: 18/99 MP: 10/10
  2102 | Volcano  | HP: 5/148 [fire bat (7)]
  2177 | Volcano  | Found a bloodstained altar of Trog.
  2214 | Lair:4   | Found a frozen archway.
  2216 | Lair:4   | Found a hole to the Spider Nest.
  2252 | IceCv    | Entered an ice cave
  2266 | IceCv    | Acquired Trog's third power
  2289 | IceCv    | Reached skill level 10 in Fighting
  2467 | IceCv    | Gained mutation: You are covered in fur (AC +1). [potion of beneficial mutation]
  2468 | IceCv    | Gained mutation: You are partially covered in rough black scales (AC +4, Dex -1). [potion of beneficial mutation]
  2579 | IceCv    | Noticed an ice statue
  2593 | IceCv    | Killed an ice statue
  2641 | IceCv    | Reached skill level 10 in Armour
  2659 | IceCv    | Reached skill level 14 in Maces & Flails
  2744 | IceCv    | Noticed a frost giant
  2751 | IceCv    | Identified a scroll of acquirement
  2752 | IceCv    | Got a pair of warped gloves
  2784 | IceCv    | Killed a frost giant
  2784 | IceCv    | Reached XP level 12. HP: 67/110 MP: 11/11
  2819 | IceCv    | Identified the +0 pair of gloves of the Eleven Wars {rElec rC+ Int+2} (You acquired it in an ice cave)
  2826 | IceCv    | Got a faintly glowing great mace
  2965 | Lair:4   | Reached skill level 10 in Dodging
  3017 | Lair:4   | Found a staircase to the Swamp.
  3078 | Lair:5   | Found a labyrinth entrance.
  3087 | Lab      | Entered a labyrinth
  3194 | Lab      | Noticed a minotaur
  3199 | Lab      | Killed a minotaur
  3298 | Lair:7   | Reached skill level 15 in Maces & Flails
  3633 | D:10     | Entered Level 10 of the Dungeon
  3649 | D:10     | Identified the +5 great mace "Citeh" {crush, *Corrode Str+5 Int+6} (You found it in an ice cave)
  4033 | D:10     | Reached skill level 1 in Evocations
  4184 | D:11     | Noticed Fannar
  4290 | D:11     | Found a staircase to the Orcish Mines.
  4345 | Orc:1    | Entered Level 1 of the Orcish Mines
  4345 | Orc:1    | Found Pecimoil's Magic Scroll Emporium.
  4349 | Orc:1    | Bought a scroll of magic mapping for 42 gold pieces
  4349 | Orc:1    | Bought a scroll of enchant armour for 90 gold pieces
  4419 | Orc:1    | Noticed Erica
  4565 | Orc:3    | Found Soseufaig's Weapon Boutique.
  4587 | Orc:3    | Found Sovecru's Weapon Shop.
  4615 | Orc:4    | Entered Level 4 of the Orcish Mines
  4661 | Orc:4    | Received a gift from Trog
  4680 | Orc:4    | Noticed an orc warlord
  4698 | Orc:4    | Killed an orc warlord
  4718 | Orc:4    | Reached skill level 16 in Maces & Flails
  4756 | Orc:4    | Reached skill level 5 in Evocations
  4772 | Orc:4    | Paralysed by a giant eyeball for 2 turns
  4783 | Orc:4    | Found Zamiuc's Antique Armour Shop.
  4783 | Orc:4    | Found Zixticag's Antique Weapon Boutique.
  4785 | Orc:4    | Found Ybyock Qogg's General Store.
  4785 | Orc:4    | Found Seloo's Book Shop.
  4801 | Orc:4    | Bought a smelly scale mail for 279 gold pieces
  4813 | Orc:4    | Identified the cursed +0 scale mail of Negation {MR+ Int+3} (You bought it in a shop on level 4 of the Orcish Mines)
  4836 | Orc:4    | Bought a scroll of identify for 24 gold pieces
  4836 | Orc:4    | Bought a potion of resistance for 120 gold pieces
  4836 | Orc:4    | Bought a scroll of amnesia for 42 gold pieces
  4913 | Orc:1    | Bought a scroll of identify for 24 gold pieces
  4913 | Orc:1    | Bought a scroll of remove curse for 36 gold pieces
  4913 | Orc:1    | Bought a scroll of identify for 24 gold pieces
  4913 | Orc:1    | Bought a scroll of teleportation for 36 gold pieces
  4913 | Orc:1    | Bought a scroll of identify for 24 gold pieces
  4913 | Orc:1    | Bought a scroll of teleportation for 36 gold pieces
  4962 | D:11     | Received a gift from Trog
  5041 | D:12     | Noticed Nergalle
  5051 | D:12     | Killed Nergalle
  5051 | D:12     | Reached XP level 13. HP: 110/116 MP: 16/16
  5319 | D:13     | Found Poelir's General Store.
  5324 | D:13     | Reached skill level 17 in Maces & Flails
  5640 | D:15     | Entered Level 15 of the Dungeon
  5928 | D:15     | Found a staircase to the Depths.
  6322 | D:13     | Got a steaming hat
  6328 | D:13     | Identified the +2 hat "Ring" {+Blink MR++ Str+4 Int-5} (You found it on level 13 of the Dungeon)
  6405 | D:13     | Found a gate to the Vaults.
  6408 | D:13     | Received a gift from Trog
  6408 | D:13     | Reached skill level 18 in Maces & Flails
  6450 | D:13     | Reached XP level 14. HP: 124/124 MP: 18/20
  6875 | Swamp:1  | Entered Level 1 of the Swamp
  6903 | Swamp:1  | Gained mutation: Your magical capacity is low (-10% MP). [helix card]
  7058 | Swamp:2  | Noticed Frances
  7080 | Swamp:2  | Killed Frances
  7097 | Swamp:2  | Reached skill level 10 in Evocations
  7297 | Swamp:2  | Noticed a thorn hunter
  7312 | Swamp:2  | Killed a thorn hunter
  7323 | Swamp:2  | Reached skill level 19 in Maces & Flails
  7653 | Swamp:3  | Received a gift from Trog
  7867 | Swamp:4  | Entered Level 4 of the Swamp
  8092 | Swamp:4  | Noticed a thorn hunter
  8104 | Swamp:4  | HP: 1/124 [thorn hunter/volley of thorns (26)]
  8105 | Swamp:4  | Mangled by a thorn hunter

Dungeon Overview and Level Annotations

Branches:
Dungeon (15/15)            Temple (1/1) D:7            Lair (7/8) D:9
  Swamp (4/4) Lair:4       Spider (0/4) Lair:4          Orc (4/4) D:11
 Vaults (0/5) D:13         Depths (0/5) D:15
  Slime: Lair:6-8       Elf: Orc:3-4

Altars:
Ashenzari
Elyvilon
Fedhas

Shops:
D:13 *   Orc:1 ?   Orc:3 ((   Orc:4 :*[(

Annotations:
D:11 Fannar
Orc:1 Erica


Message History

The four-headed hydra moves out of view.
A swamp dragon comes into view.
Read which item? (? for menu, Esc to quit)
As you read the scroll of teleportation, it crumbles to dust.
You feel strangely unstable.
The swamp dragon roars!
The eight-headed hydra bites you but does no damage. x2
The eight-headed hydra closely misses you.
The eight-headed hydra completely misses you.
The eight-headed hydra bites you. The eight-headed hydra misses you.
The eight-headed hydra bites you but does no damage.
The eight-headed hydra bites you!
Unknown command.
Unknown command.
Drink which item? (? for menu, Esc to quit)
You feel much better.
The thorn hunter fires a volley of thorns at you.
The volley of thorns hits you!
The eight-headed hydra bites you but does no damage.
The eight-headed hydra bites you!
The eight-headed hydra bites you but does no damage.
The eight-headed hydra barely misses you. x2
The eight-headed hydra bites you but does no damage.
The eight-headed hydra closely misses you. x2
The thorn hunter fires a volley of thorns at you.
The volley of thorns hits you!
A swamp dragon comes into view.
Drink which item? (? for menu, Esc to quit)
Okay, then.
Evoke which item? (* to show all) (? for menu, Esc to quit)
You draw a card...
It is the Alchemist.
You feel better. 26 of your gold pieces vanish!
The swamp dragon roars!
The swamp dragon moves out of view.
The eight-headed hydra bites you but does no damage. x6
The eight-headed hydra bites you.
The eight-headed hydra barely misses you.
The thorn hunter hits you but does no damage.
The thorn hunter hits you!
You die...

You could see a thorn hunter, an eight-headed hydra, a seven-headed hydra, a five-headed hydra (fleeing), a four-headed hydra (fleeing), 3 swamp dragons and 3 swamp drakes.

Vanquished Creatures
  Frances (Swamp:2)
  A frost giant (IceCv)
  2 vault guards (D:13)
  4 hydras
  2 centaur warriors
  3 alligators
  2 orc high priests (Orc:4)
  A tengu warrior (D:13)
  Nergalle (D:12)
  A spriggan druid (Swamp:3)
  A lindwurm (Volcano)
  An ice statue (IceCv)
  The ghost of barthelm the Ducker, an experienced GrBe of Trog (D:7)
  3 hill giants
  2 wizards (D:15)
  4 ugly things
  3 orc knights
  3 orc sorcerers
  A cyclops (D:12)
  The ghost of ololoev the Chopper, an experienced DDFi of Makhleb (D:9)
  A hornet (D:13)
  6 spiny frogs
  2 komodo dragons
  4 fire drakes
  A tengu conjurer (D:14)
  8 trolls
  A freezing wraith (D:15)
  14 polar bears (IceCv)
  4 giant leeches
  3 two-headed ogres (D:15)
  11 slime creatures
  3 bog bodies
  The ghost of barthelm the Skirmisher, an average GrBe of Trog (D:4)
  2 deep elf magi
  A vampire (D:13)
  3 hippogriffs
  3 spriggans
  11 fire bats (Volcano)
  A deep elf fighter (D:9)
  25 yaks
  A shadow (Swamp:4)
  9 vampire mosquitoes
  8 swamp worms
  A mottled dragon (D:9)
  12 wolves
  A warg (Orc:1)
  3 water moccasins
  9 orc warriors
  4 wasps
  4 porcupines
  2 swamp drakes
  4 black bears
  2 ice beasts
  A sky beast (D:10)
  5 ogres (D:15)
  A necrophage (D:7)
  8 centaurs
  7 crocodiles
  6 giant frogs
  A wyvern zombie (D:9)
  7 killer bees
  2 scorpions
  A wight (D:7)
  A jelly (D:8)
  8 lava snakes (Volcano)
  3 crimson imps
  2 hounds
  10 orc priests
  5 centaur skeletons
  2 giant frog zombies
  2 giant frog skeletons
  An iguana (Lair:2)
  15 orc wizards
  6 sheep
  2 worker ants
  A mummy (D:7)
  3 adders
  6 river rats
  A shadow imp (D:15)
  12 white imps (Lair:4)
  An ooze (D:7)
  An adder skeleton (D:4)
  An adder zombie (D:9)
  A giant gecko (Orc:4)
  81 orcs
  4 giant cockroaches
  2 hobgoblins (D:1)
  8 jackals
  3 quokkas
  8 bats (D:9)
  3 kobolds
  15 rats
450 creatures vanquished.

Vanquished Creatures (collateral kills)
  A thorn hunter (Swamp:2)
  An orc warlord (Orc:4)
  A vault guard (D:13)
  A minotaur (Lab)
  An alligator (Swamp:2)
  An orc high priest (Orc:4)
  A swamp dragon (Swamp:3)
  A hill giant (D:13)
  A shambling mangrove (Swamp:2)
  An orc sorcerer (Orc:4)
  A wolf spider zombie (D:13)
  An orc knight (Orc:4)
  A guardian serpent (shapeshifter) (Orc:4)
  4 spiny frogs
  A giant leech (Swamp:2)
  5 slime creatures
  2 swamp worms
  2 vampire mosquitoes (Swamp:2)
  5 orc warriors (Orc:4)
  A water moccasin (D:13)
  A swamp drake (Swamp:2)
  3 wasps (Swamp:2)
  2 centaurs (Orc:4)
  An orc priest (Orc:4)
  A jelly (Orc:4)
  6 orc wizards (Orc:4)
  A sheep (Orc:4)
  A giant eyeball (Orc:4)
  2 worms (Orc:4)
  6 orcs (Orc:4)
  A ball python (Orc:4)
  A jackal (Orc:4)
  A quokka (Orc:4)
  A giant cockroach (Orc:4)
  A rat (Orc:4)
62 creatures vanquished.

Vanquished Creatures (others)
  A centaur warrior (D:13)
  A hydra (Swamp:3)
  An alligator (Swamp:2)
  A fire crab (D:13)
  2 ugly things
  2 slime creatures
  A polar bear (IceCv)
  A bog body (Swamp:4)
  A shadow (Swamp:3)
  A yak (IceCv)
  A wolf (Lair:7)
  A vampire mosquito (Swamp:2)
  2 swamp worms
  2 orc warriors
  An ogre (D:15)
  2 orcs
  A plant (D:9)
22 creatures vanquished.

Grand Total: 534 creatures vanquished

Action                   |  1- 3 |  4- 6 |  7- 9 | 10-12 | 13-15 || total
-------------------------+-------+-------+-------+-------+-------++-------
Melee: Mace              |    18 |    55 |   143 |       |       ||   216
       Flail             |       |       |    95 |    24 |       ||   119
       Great mace        |       |       |       |    60 |       ||    60
       Morningstar       |       |       |       |   486 |   583 ||  1069
Invok: Berserk           |     1 |     1 |     6 |     8 |     5 ||    21
       Trog's Hand       |       |       |     1 |    12 |     4 ||    17
       Brothers in Arms  |       |       |       |     7 |     7 ||    14
Evoke: Deck              |       |       |       |     3 |     5 ||     8
       Wand              |       |       |       |     3 |     9 ||    12
       Lamp of fire      |       |       |       |     1 |     3 ||     4
       Box of beasts     |       |       |       |       |     5 ||     5
  Use: Potion            |       |     5 |     7 |     5 |     7 ||    24
       Scroll            |       |       |     2 |    15 |    10 ||    27
 Stab: Distracted        |       |       |       |     1 |     2 ||     3
       Paralysed         |       |       |       |     4 |       ||     4
  Eat: Chunk             |       |       |     7 |    23 |    19 ||    49
       Bread ration      |       |       |     1 |     1 |       ||     2
       Fruit             |       |       |       |     1 |     2 ||     3
       Pizza             |       |       |       |       |     1 ||     1

Vault maps used:
D:1:      minmay_arrival_loop
D:2:      minmay_surrounded
D:3:      lemuel_doored_altar
D:4:      kennysheep_mini, wad_woods_river_04
D:5:      lemuel_crystal_altar, nicolae_tso_swordbearing_angel, first_bread
D:6:      wad_guarded_room, basic_altar
D:7:      kennysheep_big_flooded_room, minmay_temple_entry_hall, serial_undead,
          serial_undead_f, serial_undead_d, serial_undead_d, serial_undead_f,
          serial_undead_d, serial_undead_f, serial_undead_b, serial_undead_e,
          grunt_decor_resistance
D:8:      lemuel_coloured_pillars_altar, hangedman_ranch, uniq_psyche
D:9:      lemuel_round_altar, lemuel_crystal_altar,
          grunt_lair_entry_elf_guard_hut
D:10:     kennysheep_generic_room_4
D:11:     erik_orc_1, uniq_fannar
D:12:     uniq_nergalle
D:13:     lightli_vaults_fourway_checkpoint, serial_shops, nicolae_shop_crystal,
          grunt_ministairs_4, lemuel_old_faithful
D:14:     roderic_lattice_a
D:15:     grunt_enter_depths_magical_seal, serial_park_tiny_pond
Temple:   oiseaux_autumnal_temple_12
Lair:1:   uniq_urug
Lair:2:   infiniplex_staircase_pool_2
Lair:3:   hangedman_lair_generics_rect, uniq_harold
Lair:4:   minmay_swamp_entry_worms, dummy_spider_entry,
          nicolae_volcano_entry_hallway, portal_ice_cave_entry_imps,
          forest_entry_grove
Lair:5:   beast_lair_carwin_large_2, lab_entry_generic, serial_bayou_lagoon_a,
          minivault_25
Lair:7:   minmay_lindwurm_lava, lemuel_fruit_tree
Swamp:1:  serial_swamp_ruin, evilmike_swamp_ruin_house_4,
          evilmike_swamp_ruin_house_5, evilmike_swamp_ruin_house_6,
          infiniplex_staircase_pool, uniq_josephine
Swamp:2:  evilmike_swamp_ruin_wall, uniq_frances
Swamp:3:  nicolae_swamp_feature_on_the_river_bank
Swamp:4:  swamp
Orc:1:    nicolae_orc_accident_2, serial_shops, shop, uniq_erica, uniq_snorg
Orc:3:    cheibrodos_orc_bank, serial_shops, shop,
          nicolae_shop_competitors_out_of_business, shop, shop_fountains,
          nicolae_orc_pool_cavern
Orc:4:    st_orc_congregation
Lab:      labyrinth_watery, labyrinth_fake_exit, lab_statue,
          nicolae_lab_flowing_pool
IceCv:    ice_cave_small_giant
Volcano:  volcano_grotto
